Zazza, neutral female human Tourist ------------- ------- -------- ##|...........| #+......# |......| ##|...........-# #|.....|####.......-# ####-------------# #|.....-####|{.....|# ----- # #### % #|.....| ##.......|# |....############ # # #------- |...>..|# |...| # # #### --------# |...-############ # # # # |...| ---------# # # # |...+##### |.......|######################################## ----- # |{......|# # # #---+-------- ### |.......|@ # ------# #|..........| # |..$...rr# ### |.....## #...........| ##........|# # |....|## |.....<....| ---------# ##-....|###############...........| #### |..`.|# ------------ |.....# # ------ Zazza the Rambler Experience level: 1 Strength: 13 Dexterity: 8 Constitution: 16 Intelligence: 14 Wisdom: 9 Charisma: 18 Health: 0(10) Energy: 2(2) Def: 1 Gold: 1209 Moves: 2064 Dungeon seed: re5WgsNw7KYmrIab Game ID: Zazza_1619078783 Your Inventory: Coins $ - 1209 gold pieces Amulets i - an uncursed amulet of life saving T - a cursed amulet of change Weapons a - 34 blessed +2 darts (in quiver) G - a cursed +0 orcish dagger I - a cursed +0 dagger J - 27 cursed +2 darts Q - a cursed +0 dagger named cursed W - a +0 glaive Armor e - an uncursed +0 Hawaiian shirt (being worn) q - an uncursed +0 orcish helm (being worn) N - a cursed +0 Hawaiian shirt Y - a cursed +0 orcish helm Comestibles d - 4 uncursed food rations h - an uncursed apple L - 2 cursed eggs O - 2 cursed eucalyptus leaves R - 4 cursed food rations S - a cursed tripe ration Scrolls k - a blessed scroll of magic mapping l - 2 uncursed scrolls of magic mapping z - a cursed scroll of taming A - a cursed scroll of identify C - an uncursed scroll of confuse monster D - a cursed scroll of magic mapping H - an uncursed scroll of light Spellbooks U - a cursed spellbook of magic mapping Potions j - 2 blessed potions of extra healing p - an uncursed potion of restore ability u - an uncursed potion of gain energy F - 2 cursed potions of extra healing M - an uncursed potion of water Rings B - an uncursed ring of shock resistance (on left hand) Wands v - a wand of fire (0:3) E - a wand of sleep (0:3) K - a wand of cold (0:5) Tools m - an expensive camera (0:86) n - an uncursed credit card o - an uncursed tin opener s - an uncursed magic whistle P - an uncursed brass lantern (0:1250) V - a cursed credit card X - a cursed expensive camera (0:33) Gems r - an uncursed worthless piece of yellowish brown glass y - an uncursed jade stone Spells and supernatural/magical abilities: Name Level Category Fail Memory W - pray for help -- divine ? -- Your skills at the end: Fighting Skills Weapon Skills dart [Basic] Spellcasting Skills Final Attributes: You were nominally aligned. You were shock resistant. You are dead. Vanquished creatures: a coyote a giant rat a gnome zombie a gecko 3 jackals 4 foxes 2 kobolds 2 goblins 2 sewer rats 5 grid bugs 3 lichens 2 newts 27 creatures vanquished. Voluntary challenges: You were vegetarian. You were an atheist. You never hit with a wielded weapon. You were a pacifist. You read items or engraved 10 times, starting on turn 534. You never genocided any monsters. You never polymorphed an object. You never changed form. You used no wishes. You never split a pudding. You wrote Elbereth's name 2 times, starting on turn 535. You never violated your personal moral code. Dungeon overview: The Dungeons of Doom: levels 1 to 4 Level 1 a long staircase Level 2 a general store, some fountains Level 3 a jewelry store a long staircase Level 4 <- You were here some fountains History has recorded: On T:1 you entered the Dungeons of Doom to retrieve the Amulet of Yendor! On T:437 you reached level 2 of The Dungeons of Doom. On T:1349 you reached level 3 of The Dungeons of Doom. On T:1929 you reached level 4 of The Dungeons of Doom. Score breakdown: Gold: 968 (10158 points) Experience: 1 level ( 0 points) Exploration: 4 levels ( 7.55%) ( 7205 points) Discoveries: 4 items ( 1.34%) ( 3475 points) Valuables value: (no points given unless you survive) Artifact value: 0 ( 0 points) Variety of kills: 12 monsters ( 3.15%) ( 5324 points) Turncount: 2064 turns ( -47 points) Survival: died (score multiplied by 80%) Total score: 20892 Latest messages: You hear some noises. You miss Zazza's ghost. You displace Armand. The door opens. You hear some noises in the distance. Armand misses Zazza's ghost. (6x) As you read the scroll, it disappears. A map coalesces in your mind! You stop. Armand is in the way! You displace Armand. The coyote bites! You hit the coyote. The coyote bites! You displace Armand. Armand misses the coyote. The coyote bites! Armand bites the coyote. The coyote is killed! You displace Armand. You see here a human corpse named Zazza. The door opens. The giant rat bites! (2x) You die... Final status: Aloha Zazza the Tourist, killed by a giant rat... You died in The Dungeons of Doom on dungeon level 4 with 20892 points, and 1209 pieces of gold, after 2064 moves. You were level 1 with a maximum of 10 hit points when you died.